 Dungeon Crawl Stone Soup version 0.30-a0-760-g5a9884bb7c (webtiles) character file.

Game seed: 1618216688489327542

330 Dittersdorf the Covered (level 6, 0/39 HPs)
             Began as a Gargoyle Fighter on Feb 10, 2023.
             Was an Initiate of Okawaru.
             Killed from afar by an orc wizard (6 damage)
             ... with a magic dart
             ... on level 4 of the Dungeon.
             The game lasted 00:02:52 (2785 turns).

Dittersdorf the Covered (Gargoyle Fighter)          Turns: 2785, Time: 00:02:52

Health: 0/39       AC: 14    Str: 21    XL:     6   Next: 51%
Magic:  6/6        EV:  7    Int:  9    God:    Okawaru [......]
Gold:   222        SH:  9    Dex:  9    Spells: 5/5 levels left

rFire   . . .      SeeInvis .    a - +0 flail
rCold   . . .      Faith    .    c - +0 buckler
rNeg    + . .      Spirit   .    l - +0 chain mail
rPois   ∞          Reflect  +    (no helmet)
rElec   +          Harm     .    (no cloak)
rCorr   .          Rampage  .    (no gloves)
Will    .....                    (no boots) Stlth
                                 u - amulet of reflection
HPRegen 0.26/turn                (no ring)
MPRegen 0.10/turn                (no ring)

@: no status effects
A: sickness immunity, AC +4, negative energy resistance 1, electricity
resistance, torment resistance 1, petrification resistance
a: Renounce Religion


You were on level 4 of the Dungeon.
You worshipped Okawaru.
Okawaru was noncommittal.
You visited 1 branch of the dungeon, and saw 4 of its levels.

You collected 222 gold pieces.

Inventory:

Hand Weapons
 a - a +0 flail (weapon)
Missiles
 j - 2 throwing nets (quivered)
Armour
 c - a +0 buckler (worn)
 l - a +0 chain mail (worn)
Jewellery
 u - an amulet of reflection (around neck)
Wands
 s - a wand of paralysis (4)
Scrolls
 b - a scroll of blinking {unknown}
 f - 2 scrolls of teleportation {unknown}
 i - 4 scrolls of fear {unknown}
 k - 2 scrolls of enchant armour {unknown}
 n - a scroll of vulnerability {unknown}
 r - a scroll of fog {unknown}
Potions
 d - a potion of might
 e - a potion of curing
 g - 2 potions of flight
 h - a potion of resistance {unknown}
 m - a potion of haste
 o - 2 potions of mutation
 p - 2 potions of magic
 q - a potion of brilliance
 t - a potion of heal wounds
 v - a potion of ambrosia


   Skills:
 + Level 4.7 Fighting
 + Level 3.7 Maces & Flails
 + Level 4.8 Armour
 + Level 4.7 Shields


You had 5 spell levels left.
You didn't know any spells.
Your spell library contained the following spells:

 Spells                   Type           Power      Damage    Failure   Level
 Sandblast                Erth           0%         2d4       99%         1
 Passwall                 Tmut/Erth      0%         N/A       100%        2
 Dazzling Flash           Conj/Hex       0%         N/A       100%        3
 Gell's Gravitas          Tloc           0%         N/A       100%        3
 Stone Arrow              Conj/Erth      0%         3d7       100%        3
 Teleport Other           Tloc           0%         N/A       100%        3
 Iskenderun's Mystic Bla  Conj/Tloc      0%         2d3       100%        4
 Dispersal                Tloc           0%         N/A       100%        6
 Starburst                Conj/Fire      0%         6d3       100%        6


Dungeon Overview and Level Annotations

Branches:
Dungeon (4/15)
 Temple: D:4-7

Altars:
Cheibriados
Okawaru

Shops:
D:1 (


Innate Abilities, Weirdness & Mutations

You are immune to sickness and miasma.
Your stone body is resilient. (AC +4)
You are immune to poison.
You resist negative energy. (rN+)
You are resistant to electric shocks. (rElec)
You are resistant to unholy torment.
You are immune to petrification.


Message History

You hear a shout!
You hear an angry hiss.
You miss something. The grasping roots constrict you.
Something hits you but does no damage.
You hit something. The grasping roots constrict you.
You hear some strange, mumbled words.
A magic dart appears from out of thin air!
The magic dart hits you.
You barely miss something. The grasping roots constrict you.
Something hits you.
* * * LOW HITPOINT WARNING * * *
The grasping roots release their grip on you.
You barely miss something.
An orc wizard appears from thin air!
Reactivating autopickup.
The orc wizard casts a spell.
The orc wizard flickers and vanishes!
Deactivating autopickup; reactivate with Ctrl-A.
You hear some strange, mumbled words.
A puff of flame appears from out of thin air!
The puff of flame hits you.
* * * LOW HITPOINT WARNING * * *
You miss something. Something hits you but does no damage.
You miss something. You block something's attack.
You miss something.
A kobold comes into view.
It is wielding a +2 short sword of electrocution.
The orc zaps a wand.
The roots erupt in riotous growth!
The orc is unaffected.
The grasping roots grab you!
The orc is unaffected. x2; The grasping roots constrict you.
You block something's attack.
You hear an angry hiss.
You miss something. The grasping roots constrict you.
Something hits you but does no damage. You block something's attack.
The grasping roots constrict you.
You barely miss something. The grasping roots constrict you.
Something hits you but does no damage.
The grasping roots release their grip on you.
You closely miss something.
You hear some strange, mumbled words.
A magic dart appears from out of thin air!
The magic dart hits you.
You die...

...........#
#..#
...........#
##.#
...........#
#.#
#..........#
#.#
..........##
#.#
..........#
#.# ####
..........#
#.# #..#
..........#
#)# ##.#
..........#
#@# #.#
#..........
####{####.#
#..ooo....#
##...SK....#
#............#
.............#
.###.........#
#..######.#
..#. #.#


You could see 3 orcs, a ball python and a kobold.

Vanquished Creatures
  A necrophage (D:4)
  2 hounds
  An orc wizard (D:3)
  5 gnolls
  6 adders
  4 dart slugs
  11 orcs
  4 bats
  6 endoplasms
  3 giant cockroaches
  4 goblins
  4 hobgoblins
  2 quokkas
  5 ball pythons
  3 frilled lizards
  7 kobolds
  4 rats
72 creatures vanquished.

Notes
Turn   | Place    | Note
-------+----------+-------------------------------------------
     0 | D:1      | Dittersdorf the Gargoyle Fighter began the quest for the
                  | Orb.
     0 | D:1      | Reached XP level 1. HP: 14/14 MP: 1/1
   131 | D:1      | Found Raduh's Weapon Emporium.
   137 | D:1      | Reached XP level 2. HP: 19/19 MP: 2/2
   683 | D:1      | Reached XP level 3. HP: 22/23 MP: 3/3
  1201 | D:2      | Found a snail-covered altar of Cheibriados.
  1272 | D:2      | Found a faded altar of an unknown god.
  1283 | D:2      | Reached XP level 4. HP: 22/29 MP: 4/4
  2064 | D:3      | Reached XP level 5. HP: 21/33 MP: 5/5
  2346 | D:3      | Found an iron altar of Okawaru.
  2375 | D:3      | Became a worshipper of Warmaster Okawaru
  2625 | D:4      | Reached XP level 6. HP: 34/39 MP: 6/6
  2785 | D:4      | Killed from afar by an orc wizard

Illustrated notes

Levels and vault maps discovered:
D:1:      tarquinn_simple_flora_water_f, layout_basic, serial_shops,
          nicolae_shop_bloodbath_and_beyond, patterned_corridor
D:2:      layout_loops_ring, basic_ecumenical_altar, basic_altar
D:3:      layout_loops_cross, okawaru_altar_gauntlet_db, kennysheep_another_room
D:4:      layout_rooms

Skill      XL: |  1  2  3  4 |
---------------+-------------+-----
Armour         | 4 |  4.8
Shields        | 4 |  4.7
Fighting       | 4 |  4.7
Maces & Flails | 3 |  3.7

Action                     |  1- 3 |  4- 6 || total
---------------------------+-------+-------++-------
  Melee: Flail             |    95 |   198 ||   293
    Use: Scroll            |       |     9 ||     9
 Armour: Scale mail        |    27 |       ||    27
         Chain mail        |    42 |   144 ||   186
  Dodge: Dodged            |    33 |    64 ||    97
  Block: Buckler           |    18 |    67 ||    85

Table legend: (Time is in decaauts)
 A = Elapsed time spent in this place.
 B = Non-inter-level travel time spent in this place.
 C = Inter-level travel time spent in this place.
 D = Time resting spent in this place.
 E = Time spent auto-exploring this place.
 F = Levels seen in this place.
 G = Mean time per level.
                   A        B        C        D        E       F      G
               +--------+--------+--------+--------+--------+-----+--------+
         Total |   2871 |   2766 |    105 |     54 |   2080 |   4 |  717.8 |
       Dungeon |   2871 |   2766 |    105 |     54 |   2080 |   4 |  717.8 |
               +--------+--------+--------+--------+--------+-----+--------+

Top non-repeatable levels by time:
     D:3: 936 daAuts
     D:1: 899 daAuts
     D:2: 761 daAuts
     D:4: 275 daAuts
